 Dungeon Crawl Stone Soup version 0.29-a0-322-g68df515428 (webtiles) character file.

Game seed: 1507151072191788041

144 GigaChad the Slasher (level 5, -7/46 HPs)
             Began as a Draconian Chaos Knight on Apr 7, 2022.
             Was a Plaything of Xom.
             Mangled by a gnoll
             ... wielding a +0 halberd
              (11 damage)
             ... on level 3 of the Dungeon.
             The game lasted 00:09:36 (2620 turns).

GigaChad the Slasher (Draconian Chaos Knight)       Turns: 2620, Time: 00:09:37

Health: -7/46      AC:  5    Str: 18    XL:     5   Next: 5%
Magic:  5/5        EV: 12    Int: 18    God:    Xom [....*.]
Gold:   98         SH:  0    Dex: 13    Spells: 4/4 levels left

rFire   . . .      SeeInvis +   a - +0 falchion (chaos)
rCold   . . .      Faith    .   (no shield)
rNeg    . . .      Spirit   .   (body armour unavailable)
rPois   .          Reflect  .   (helmet restricted)
rElec   .          Harm     .   (no cloak)
rCorr   .          Rampage  .   (no gloves)
Will    .....                   (no boots)
Stlth   ++........              (no amulet)
HPRegen 0.15/turn               n - ring "Deackek" {*Slow Str+4 Int+6 SInv}
MPRegen 0.09/turn               (no ring)

@: no status effects
A: AC +5, unfitting armour, cold-blooded
a: Renounce Religion


You were on level 3 of the Dungeon.
You worshipped Xom.
You were a beloved toy of Xom.
You visited 1 branch of the dungeon, and saw 3 of its levels.

You collected 98 gold pieces.

Inventory:

Hand Weapons
 a - a +0 falchion of chaos (weapon)
 h - a +2 hunting sling of freezing
 j - a +3 short sword of venom
Missiles
 d - 11 poisoned darts (quivered)
Jewellery
 n - the ring "Deackek" (left hand) {*Slow Str+4 Int+6 SInv}
   (You found it on level 3 of the Dungeon)

   [ring of intelligence]

   Str:       It affects your strength (+4).
   Int:       It affects your intelligence (+6).
   SInv:      It lets you see invisible.
   *Slow:     It may slow you when you take damage.
Scrolls
 l - a scroll of immolation
 o - a scroll of amnesia {unknown}
 r - a scroll of magic mapping {unknown}
 s - a scroll of enchant weapon {unknown}
 u - a scroll of enchant armour
Potions
 c - 2 potions of brilliance
 e - a potion of haste {unknown}
 f - a potion of experience {unknown}
 g - 2 potions of heal wounds {unknown}
 i - a potion of ambrosia {unknown}
 k - a potion of lignification {unknown}
 m - a potion of degeneration {unknown}
 p - 2 potions of attraction {unknown}
 q - 2 potions of flight {unknown}
 t - a potion of might {unknown}
Miscellaneous
 b - a piece from Xom's chessboard (15/15)


   Skills:
 + Level 4.2 Fighting
 + Level 4.5 Long Blades
 + Level 2.7 Dodging
 + Level 1.3 Stealth


You had 4 spell levels left.
You didn't know any spells.
Your spell library was empty.

Dungeon Overview and Level Annotations

Branches:
Dungeon (3/15)

Altars:


Innate Abilities, Weirdness & Mutations

Your plain brown scales are hard. (AC +5)
You cannot fit into any form of body armour.
You are cold-blooded and may be slowed by cold attacks.


Message History

You closely miss the gnoll.
The gnoll is severely wounded.
The gnoll hits you but does no damage. x2
You completely miss the gnoll.
The gnoll is severely wounded.
The gnoll misses you. The gnoll closely misses you.
You closely miss the gnoll.
The gnoll is severely wounded.
The gnoll misses you. The gnoll barely misses you.
You hit the gnoll but do no damage.
The gnoll is severely wounded.
The gnoll hits you with a +0 whip.
The gnoll hits you from afar with a +0 halberd.
You barely miss the gnoll.
Your tail-slap misses the gnoll.
The gnoll is severely wounded.
The gnoll hits you with a +0 whip.
* * * LOW HITPOINT WARNING * * *
The gnoll hits you from afar with a +0 halberd.
* * * LOW HITPOINT WARNING * * *
You hit the gnoll. Lightning courses through the gnoll!!
You kill the gnoll!
The gnoll hits you from afar with a +0 halberd.
* * * LOW HITPOINT WARNING * * *
You have reached level 5!
The gnoll misses you. The gnoll barely misses you. The gnoll barely misses you.
You hit the gnoll but do no damage.
The gnoll is poisoned.
You tail-slap the gnoll.
The gnoll is moderately wounded.
The gnoll closely misses you.
You hit the gnoll.
The gnoll looks as sick as possible!
The gnoll is heavily wounded.
You hear Xom's maniacal laughter.
You are now a beloved toy of Xom.
The gnoll hits you with a +0 halberd.
* * * LOW HITPOINT WARNING * * *
You barely miss the gnoll.
The gnoll is heavily wounded.
The gnoll hits you with a +0 halberd!
You die...

# #..###.### # ..
##.###.# # # .^.
#######).##.# #
...#######......)..#.#
#
...................#.#
#
#......)..........#.#
#
#...5.....#######...#
# #.........#
####..### #....g@.5.#
#........ #...5.....#
##..[..... #.........#
#.....>... #.........#
#.......<. #.........#
#..........
#.........#
#......#...
###########
#......#...
#......#... ......#...


You could see an iron imp (summoned), a gnoll (extremely poisoned), a white imp
(summoned) and a shadow imp (summoned).

Vanquished Creatures
  A scorpion (D:3)
  3 gnolls (D:3)
  2 adders (D:3)
  A worm (D:3)
  3 dart slugs
  3 ball pythons
  2 endoplasms
  3 giant cockroaches
  2 goblins (D:1)
  A hobgoblin (D:1)
  A quokka (D:1)
  2 bats
  2 frilled lizards (D:1)
  6 kobolds
  3 rats
35 creatures vanquished.

Notes
Turn   | Place    | Note
-------+----------+-------------------------------------------
     0 | D:1      | GigaChad the Draconian Chaos Knight began the quest for the
                  | Orb.
     0 | D:1      | Reached XP level 1. HP: 19/19 MP: 1/1
   121 | D:1      | XOM: cloud trail
   338 | D:1      | XOM: 3-stop teleportation journey
   379 | D:1      | XOM: silly message
   498 | D:1      | Reached XP level 2. HP: 26/26 MP: 2/2
  1031 | D:1      | XOM: silly message
  1112 | D:1      | XOM: silly message
  1589 | D:2      | Reached XP level 3. HP: 28/33 MP: 3/3
  1769 | D:3      | Noticed a scorpion
  1772 | D:3      | XOM: potion effect (brilliance)
  1784 | D:3      | Killed a scorpion
  1785 | D:3      | Reached skill level 1 in Stealth
  1785 | D:3      | Reached XP level 4. HP: 12/40 MP: 4/4
  1966 | D:3      | XOM: cloud trail
  2331 | D:3      | Identified the ring "Deackek" {*Slow Str+4 Int+6 SInv}
  2615 | D:3      | Reached XP level 5. HP: 4/46 MP: 5/5
  2619 | D:3      | XOM: summons 3 hostile demons
  2620 | D:3      | Mangled by a gnoll

Illustrated notes

Levels and vault maps discovered:
D:1:      lordsloth_arrival_two_stooges, layout_basic, serial_aquarium,
          aquarium_bridge_square [aquarium_subvault_wall,
          aquarium_subvault_balcony, aquarium_subvault_wall,
          aquarium_subvault_bridge], aquarium_bridge_island_small
          [aquarium_subvault_small_open, aquarium_subvault_bridge,
          aquarium_subvault_window, aquarium_subvault_bridge,
          aquarium_subvault_bridge], aquarium_window_corner,
          aquarium_window_fake, aquarium_view_4, aquarium_pool_S
D:2:      layout_rooms
D:3:      layout_basic, minmay_misc_feat_encased

Skill      XL: |  1  2  3 |
---------------+----------+-----
Fighting       | 4 |  4.2
Long Blades    | 4 |  4.5
Stealth        | 1 |  1.3
Dodging        | |  2.7

Action                   |  1- 3 |  4- 6 || total
-------------------------+-------+-------++-------
Melee: Falchion          |    60 |    39 ||    99
       Tailslap          |     6 |     5 ||    11
       Punch             |     1 |       ||     1
Throw: Throwing net      |       |     1 ||     1
  Use: Scroll            |     4 |     4 ||     8
 Stab: Paralysed         |     3 |       ||     3
Armor: Skin              |    23 |    14 ||    37
Dodge: Dodged            |    43 |    33 ||    76

Table legend: (Time is in decaauts)
 A = Elapsed time spent in this place.
 B = Non-inter-level travel time spent in this place.
 C = Inter-level travel time spent in this place.
 D = Time resting spent in this place.
 E = Time spent auto-exploring this place.
 F = Levels seen in this place.
 G = Mean time per level.
                   A        B        C        D        E       F      G
               +--------+--------+--------+--------+--------+-----+--------+
         Total |   2630 |   2627 |      3 |    353 |    892 |   3 |  876.7 |
       Dungeon |   2630 |   2627 |      3 |    353 |    892 |   3 |  876.7 |
               +--------+--------+--------+--------+--------+-----+--------+

Top non-repeatable levels by time:
     D:1: 1175 daAuts
     D:3: 904 daAuts
     D:2: 551 daAuts
